 Dungeon Crawl Stone Soup version 0.32-a0-818-gb728d0252e (webtiles) character file.

Game seed: 7323645859927790953

1118 shadizar the Magician (level 8, -5/55 HPs)
             Began as a Djinni Conjurer on Mar 24, 2024.
             Was an Initiate of Makhleb.
             Slain by an ogre
             ... wielding a +0 giant club
              (18 damage)
             ... on level 6 of the Dungeon.
             The game lasted 00:06:26 (4697 turns).

shadizar the Magician (Djinni Conjurer)             Turns: 4697, Time: 00:06:27

Health: -5/55      AC:  5    Str:  5 (6)  XL:     8   Next: 60%
Gold:   194        EV: 12    Int: 19 (22) God:    Makhleb [......] SH:  0 Dex: 11 (12)

rFire   + + .        v - staff of earth
rCold   x . .        (no shield)
rNeg    . . .        a - +0 robe
rPois   ∞            i - +0 helmet
rElec   .            (no cloak)
rCorr   .            o - +1 pair of gloves
SInv    +            (boots unavailable)
Will    .....        q - amulet of regeneration
Stlth   ++           l - ring of see invisible
HPRegen 1.09/turn    (no ring)
MPRegen 0.00/turn

%: infuse magic (-6 HP)
@: flying, very slightly contaminated
A: sickness immunity, fire resistance 2, cold vulnerability 1, float, innate
caster, HP casting, extra vitality 1
a: Renounce Religion


You were on level 6 of the Dungeon.
You worshipped Makhleb.
Makhleb was noncommittal.
You visited 2 branches of the dungeon, and saw 7 of its levels.

You collected 194 gold pieces.

Inventory:

Armour
 a - a +0 robe (worn)
 i - a +0 helmet (worn)
 k - a +0 ring mail of positive energy
 o - a +1 pair of gloves (worn)
Magical Staves
 v - a staff of earth (weapon)
Jewellery
 l - a ring of see invisible (left hand)
 q - an amulet of regeneration (around neck)
Wands
 n - a wand of acid (2)
 u - a wand of digging (5)
Scrolls
 b - 5 scrolls of identify {unknown}
 d - 3 scrolls of fear {unknown}
 h - a scroll of brand weapon {unknown}
 w - a scroll of noise {unknown}
 x - 3 scrolls of enchant weapon {unknown}
Potions
 c - a potion of berserk rage {unknown}
 e - a potion of degeneration
 f - a potion of resistance {unknown}
 g - a potion of lignification {unknown}
 j - 2 potions of heal wounds {unknown}
 m - a potion of experience {unknown}
 p - a potion of enlightenment {unknown}
 r - a potion of curing
 s - 2 potions of mutation {unknown}
 t - a potion of magic {unknown}
 z - a potion of haste {unknown}
 A - a potion of invisibility {unknown}


   Skills:
 + Level 2.7 Fighting
 + Level 2.7 Armour
 + Level 3.9 Dodging
 - Level 1.5 Stealth
 - Level 7.2 Spellcasting
 - Level 7.2 Conjurations
 - Level 7.2 Hexes
 - Level 7.2 Summonings
 - Level 7.2 Necromancy
 - Level 7.2 Translocations
 - Level 7.2 Fire Magic
 - Level 7.2 Ice Magic
 - Level 7.2 Air Magic
 - Level 7.2 Earth Magic
 - Level 7.2 Alchemy


You knew the following spells:

 Your Spells              Type           Power      Damage    Failure   Level
a - Magic Dart            Conj           100%       1d8       1%          1
b - Searing Ray           Conj           68%        2d6       1%          2
c - Fulminant Prism       Conj/Alch      17%        3d10      4%          4
d - Iskenderun's Mystic   Conj/Tloc      34%        2d8       4%          4
e - Necrotise             Necr           100%       1d9       1%          1
f - Static Discharge      Conj/Air       68%        3-6/arc   1%          2
g - Fugue of the Fallen   Necr           34%        N/A       1%          3
Your spell library was empty.

Dungeon Overview and Level Annotations

Branches:
Dungeon (6/15)             Temple (1/1) D:6

Altars:
Ashenzari
Cheibriados
Dithmenos
Elyvilon
Gozag
Hepliaklqana
Makhleb
Nemelex Xobeh
Okawaru
Ru
Uskayaw
Wu Jian
Xom
Yredelemnul
Zin
The Shining One

Shops:
D:6 (=((


Innate Abilities, Weirdness & Mutations

You are immune to sickness and miasma.
You are immune to poison.
Your flesh is very heat resistant. (rF++)
You are vulnerable to cold. (rC-)
You float through the air rather than walking.
You learn spells naturally, not from books.
Your magical power is your life essence.
You have superior vitality. (+4 MHP)


Message History

The mystic blast hits the gnoll.
You kill the gnoll!
Makhleb accepts your kill.
* * * LOW HITPOINT WARNING * * *
Unknown command.
Unknown command.
Unknown command.
Unknown command.
Unknown command.
Unknown command.
Unknown command.
Unknown command.
Casting: Iskenderun's Mystic Blast (dangerous; 4% risk of failure)
Confirm with . or Enter, or press ? or * to list all spells.
You erupt in a blast of force!
The mystic blast hits the phantom!
The phantom is almost destroyed.
The phantom is knocked back by the mystic blast.
The mystic blast hits the orc priest!
You kill the orc priest!
Makhleb accepts your kill.
* * * LOW HITPOINT WARNING * * *
Unknown command.
Unknown command.
Unknown command.
Unknown command.
Unknown command.
Unknown command.
Unknown command.
Unknown command.
Unknown command.
Okay, then.
Okay, then.
It was a potion of degeneration.
There was something very wrong with that liquid.
You feel weakened.
You feel dopey.
You feel clumsy.
Your attacks no longer feel as feeble.
It was a potion of curing.
You feel better.
A jelly comes into view.
The ogre hits you with a +0 giant club!!
You die...

.. ... ...#
##.... #......
##)$).... .
##.O#.....
'''###.@<...###
.J....$...###..
####.#.W.##....
# #.........
#.........
###.........
####....†......
........)##....
.
..........###..
##..


You could see an ogre, a phantom and a jelly.

Vanquished Creatures
  A water moccasin (D:6)
  2 ogres
  A bullfrog (D:6)
  A scorpion (D:5)
  3 bombardier beetles
  3 hounds (D:5)
  A gnoll bouda (D:6)
  3 jellies
  3 orc priests
  Jessica (D:2)
  3 iguanas
  Robin (D:2)
  8 gnolls
  3 adders
  A ribbon worm (D:2)
  A dart slug (D:4)
  11 orcs
  A ball python (D:3)
  7 endoplasms
  2 giant cockroaches (D:1)
  16 goblins
  10 hobgoblins
  3 quokkas
  6 bats
  2 frilled lizards
  12 kobolds
  4 rats
110 creatures vanquished.

Vanquished Creatures (others)
  7 fulminant prisms
7 creatures vanquished.

Grand Total: 117 creatures vanquished

Notes
Turn   | Place    | Note
-------+----------+-------------------------------------------
     0 | D:1      | shadizar the Djinni Conjurer began the quest for the Orb.
     0 | D:1      | shadizar set off with the following spells memorised: Magic
                  | Dart, Searing Ray, Fulminant Prism, Iskenderun's Mystic
                  | Blast.
     0 | D:1      | Reached XP level 1. HP: 15/15 MP: 0/0
   189 | D:1      | Reached XP level 2. HP: 19/21 MP: 0/0
   437 | D:1      | Reached XP level 3. HP: 21/25 MP: 0/0
   437 | D:1      | Learned a level 1 spell: Necrotise
   706 | D:2      | Noticed Robin
   710 | D:2      | Killed Robin
   734 | D:2      | Reached XP level 4. HP: 9/31 MP: 0/0
  1698 | D:2      | Noticed Jessica
  1701 | D:2      | Killed Jessica
  2295 | D:3      | Reached XP level 5. HP: 21/35 MP: 0/0
  2295 | D:3      | Learned a level 2 spell: Static Discharge
  2296 | D:3      | Reached skill level 5 in Spellcasting
  2296 | D:3      | Reached skill level 5 in Conjurations
  2296 | D:3      | Reached skill level 5 in Hexes
  2296 | D:3      | Reached skill level 5 in Summonings
  2296 | D:3      | Reached skill level 5 in Necromancy
  2296 | D:3      | Reached skill level 5 in Translocations
  2296 | D:3      | Reached skill level 5 in Fire Magic
  2296 | D:3      | Reached skill level 5 in Ice Magic
  2296 | D:3      | Reached skill level 5 in Air Magic
  2296 | D:3      | Reached skill level 5 in Earth Magic
  2296 | D:3      | Reached skill level 5 in Alchemy
  3097 | D:4      | Reached XP level 6. HP: 39/40 MP: 0/0
  3549 | D:4      | Noticed an ogre
  3556 | D:4      | Killed an ogre
  3557 | D:4      | Reached XP level 7. HP: 40/45 MP: 0/0
  3557 | D:4      | Learned a level 3 spell: Fugue of the Fallen
  4017 | D:5      | Entered Level 5 of the Dungeon
  4508 | D:6      | Found Afathrua's Antique Weapon Emporium.
  4531 | D:6      | Found a sparkling altar of Nemelex Xobeh.
  4531 | D:6      | Found an ornate altar of the Wu Jian Council.
  4532 | D:6      | Found a glowing golden altar of the Shining One.
  4564 | D:6      | Reached skill level 1 in Fighting
  4564 | D:6      | Reached skill level 1 in Armour
  4564 | D:6      | Reached XP level 8. HP: 52/52 MP: 0/0
  4574 | D:6      | Found Ginunk's Jewellery Shoppe.
  4591 | D:6      | Found a staircase to the Ecumenical Temple.
  4604 | D:6      | Found Aghastre's Antique Weapon Shop.
  4608 | Temple   | Entered the Ecumenical Temple
  4624 | Temple   | Became a worshipper of Makhleb the Destroyer
  4651 | D:6      | Found Filer's Antique Weapon Shop.
  4697 | D:6      | Slain by an ogre

Illustrated notes

Levels and vault maps discovered:
D:1:      orjb1_clovarrival, layout_basic, minivault_11, minmay_octomino_j4
D:2:      layout_basic, nicolae_underground_beach, uniq_robin, uniq_jessica
D:3:      layout_basic
D:4:      layout_layer_cave, minmay_unequal
D:5:      layout_rooms, serial_bayou_ford_a, minmay_misc_feat_diagonals,
          serial_bayou_crossing
D:6:      layout_cave_pools, nicolae_overflow_quartered_altars,
          old_standard_altar, minmay_temple_entry_proselytizer,
          portal_sewer_entry_a, serial_shops, shop, nicolae_shop_statue_plus,
          shop, nicolae_stop_n_shop_1, minmay_misc_feat_iff,
          chequers_mini_garden, blue_anna_alchemist, kennysheep_donut
Temple:   dpeg_chambers_temple

Skill      XL: |  1  2  3  4  5  6  7  8 |
---------------+-------------------------+-----
Spellcasting   | 4 5 6 7 |  7.2
Conjurations   | 4 5 6 7 |  7.2
Hexes          | 4 5 6 7 |  7.2
Summonings     | 4 5 6 7 |  7.2
Necromancy     | 4 5 6 7 |  7.2
Translocations | 4 5 6 7 |  7.2
Fire Magic     | 4 5 6 7 |  7.2
Ice Magic      | 4 5 6 7 |  7.2
Air Magic      | 4 5 6 7 |  7.2
Earth Magic    | 4 5 6 7 |  7.2
Alchemy        | 4 5 6 7 |  7.2
Fighting       | 1 2 |  2.7
Armour         | 1 2 |  2.7
Dodging        | 3 |  3.9
Stealth        | |  1.5

Action                     |  1- 3 |  4- 6 |  7- 9 || total
---------------------------+-------+-------+-------++-------
   Cast: Magic Dart        |    73 |   111 |    95 ||   279
         Fulminant Prism   |       |     5 |     2 ||     7
         Searing Ray       |       |     1 |       ||     1
         Iskenderun's Myst |       |       |    13 ||    13
    Use: Potion            |       |       |     2 ||     2
 Armour: Robe              |     2 |    27 |    19 ||    48
  Dodge: Dodged            |     1 |    33 |    12 ||    46

Table legend: (Time is in decaauts)
 A = Elapsed time spent in this place.
 B = Non-inter-level travel time spent in this place.
 C = Inter-level travel time spent in this place.
 D = Time resting spent in this place.
 E = Time spent auto-exploring this place.
 F = Levels seen in this place.
 G = Mean time per level.
                   A        B        C        D        E       F      G
               +--------+--------+--------+--------+--------+-----+--------+
         Total |   4695 |   4577 |    118 |      0 |   3762 |   7 |  670.7 |
       Dungeon |   4662 |   4544 |    118 |      0 |   3762 |   6 |  777.0 |
        Temple |     32 |     32 |      0 |      0 |      0 |   1 |   32.0 |
               +--------+--------+--------+--------+--------+-----+--------+

Top non-repeatable levels by time:
     D:2: 1345 daAuts
     D:4: 1018 daAuts
     D:3: 957 daAuts
     D:1: 694 daAuts
     D:5: 490 daAuts
     D:6: 156 daAuts
  Temple: 32 daAuts
